 Dungeon Crawl Stone Soup version 0.28.0-53-g5a82cb258f (webtiles) character file.

Game seed: 6024568023333549205

18242 SanguineChosen the Blocker (level 12, -1/76 HPs)
             Began as a Gargoyle Fighter on July 21, 2022.
             Was a Priest of Trog.
             Slain by a 15-headed hydra (12 damage)
             ... on level 2 of the Lair of Beasts.
             The game lasted 00:40:39 (12264 turns).

SanguineChosen the Blocker (Gargoyle Fighter)      Turns: 12264, Time: 00:40:41

Health: -1/76      AC: 30    Str: 34    XL:     12   Next: 56%
Magic:  12/12      EV: 10    Int: 13    God:    Trog [***...]
Gold:   1773       SH: 18    Dex: 13    Spells: 11/11 levels left

rFire   + . .      SeeInvis .   w - +10 hand axe of Gojubiycwe {protect, +Blink rF- Int+3}
rCold   . . .      Faith    .   k - +1 kite shield
rNeg    + + .      Spirit   .   b - +0 chain mail of Wevaebb {rF+ rN+ Str+4 Dex+4 Stlth-}
rPois   ∞          Reflect  +   (no helmet)
rElec   +          Harm     .   I - +0 cloak
rCorr   .          Rampage  .   S - +0 pair of gloves
Will    .....                   M - +0 pair of boots
Stlth   ..........              o - amulet of reflection
HPRegen 0.22/turn               p - +6 ring of strength
MPRegen 0.13/turn               e - ring of protection from fire

@: under a protective aura
A: sickness immunity, AC +8, negative energy resistance 1, electricity
resistance, torment resistance 1, petrification resistance
a: Renounce Religion, Evoke Blink, Berserk, Trog's Hand


You were on level 2 of the Lair of Beasts.
You worshipped Trog.
Trog was most pleased with you.
You visited 3 branches of the dungeon, and saw 14 of its levels.

You collected 1863 gold pieces.
You spent 90 gold pieces at shops.

Inventory:

Hand Weapons
 a - a +0 flail of venom
 w - the +10 hand axe of Gojubiycwe (weapon) {protect, +Blink rF- Int+3}
   (You found it on level 3 of the Dungeon)

   It grants its wielder temporary protection when it strikes (+7 to AC).
   Int:       It affects your intelligence (+3).
   rF:        It makes you vulnerable to fire.
   +Blink:    It lets you blink.
 y - a +1 war axe of distortion
 B - a +2 vorpal hand axe
Missiles
 m - 62 poisoned darts (quivered)
 C - a curare-tipped dart
Armour
 b - the +0 chain mail of Wevaebb (worn) {rF+ rN+ Str+4 Dex+4 Stlth-}
   (You found it on level 1 of the Lair of Beasts)

   Str:       It affects your strength (+4).
   Dex:       It affects your dexterity (+4).
   rF:        It protects you from fire.
   rN:        It protects you from negative energy.
   Stlth:     It makes you less stealthy.
 k - a +1 kite shield (worn)
 A - a +5 ring mail
 H - a +0 plate armour of cold resistance
 I - a +0 cloak (worn)
 J - +0 acid dragon scales
 M - a +0 pair of boots (worn)
 Q - the +1 scale mail of the Old World {Will+ Str+3}
   (You found it on level 10 of the Dungeon)

   Str:       It affects your strength (+3).
   Will:      It increases your willpower.
 S - a +0 pair of gloves (worn)
Jewellery
 e - a ring of protection from fire (right hand)
 f - a ring of ice
 n - a +4 ring of evasion
 o - an amulet of reflection (around neck)
 p - a +6 ring of strength (left hand)
 x - a ring of protection from fire
 D - the ring of Pessimism {rCorr MP+9 Int+4}
   (You took it off an orc wizard on level 5 of the Dungeon)

   [ring of magical power]

   Int:       It affects your intelligence (+4).
   MP:        It affects your magic capacity (+9).
   rCorr:     It protects you from acid and corrosion.
 P - an amulet of the acrobat
Wands
 j - a wand of digging (6)
 E - a wand of flame (11)
Scrolls
 g - a scroll of fog
 r - 3 scrolls of teleportation
 s - a scroll of silence
 z - a scroll of magic mapping
 G - 2 scrolls of blinking {unknown}
 K - 2 scrolls of enchant weapon {unknown}
 L - 2 scrolls of fear
 N - 6 scrolls of identify
 R - a scroll of holy word {unknown}
Potions
 d - a potion of might
 i - a potion of invisibility
 l - a potion of mutation {unknown}
 q - 2 potions of cancellation
 t - 5 potions of heal wounds {unknown}
 u - 4 potions of haste
 v - 2 potions of berserk rage
 F - a potion of brilliance {unknown}
 O - 2 potions of curing


   Skills:
 + Level 9.2 Fighting
 + Level 11.4(11.6) Axes
 + Level 3.5(8.8) Maces & Flails
 + Level 1.1 Throwing
 + Level 8.0 Armour
 + Level 4.6 Dodging
 + Level 2.6 Stealth
 + Level 11.8 Shields


You had 11 spell levels left.
You didn't know any spells.
Your spell library contained the following spells:

 Spells                   Type           Power      Damage    Failure   Level
 Sandblast                Erth           0%         2d4       93%         1
 Passwall                 Tmut/Erth      0%         N/A       98%         2
 Wereblood                Tmut           0%         N/A       98%         2
 Stone Arrow              Conj/Erth      0%         3d7       100%        3
 Animate Dead             Necr           0%         N/A       100%        4
 Haunt                    Necr/Summ      0%         N/A       100%        7
 Summon Hydra             Summ           0%         N/A       100%        7
 Infestation              Necr           0%         N/A       100%        8
 Sublimation of Blood     Necr           Unusable   N/A       N/A         2

Dungeon Overview and Level Annotations

Branches:
Dungeon (11/15)            Temple (1/1) D:6            Lair (2/6) D:10
    Orc (0/2) D:11
  Swamp: Lair:2-4    Shoals: Lair:2-4     Snake: Lair:2-4    Spider: Lair:2-4

Altars:
Ashenzari
Cheibriados
Dithmenos
Elyvilon
Fedhas
Gozag
Hepliaklqana
Kikubaaqudgha
Makhleb
Nemelex Xobeh
Okawaru
Qazlal
Ru
Sif Muna
Trog
Uskayaw
Vehumet
Wu Jian
Xom
Yredelemnul
Zin
The Shining One

Shops:
D:3 (

Annotations:
D:8 2 transporters, NegativeXP's ghost, novice KoBr


Innate Abilities, Weirdness & Mutations

You are immune to sickness and miasma.
Your stone body is resilient. (AC +8)
You are immune to poison.
You resist negative energy. (rN+)
You are resistant to electric shocks. (rElec)
You are resistant to unholy torment.
You are immune to petrification.


Message History

You slice one of the 14-headed hydra's heads off!
The 13-headed hydra grows two more!
You slash the 15-headed hydra!
The 15-headed hydra is lightly wounded.
You hit the blink frog.
The blink frog blinks!
The 15-headed hydra bites you but does no damage.
You block the 15-headed hydra's attack.
The 15-headed hydra bites you but does no damage. x3
The 15-headed hydra bites you.
The 15-headed hydra bites you but does no damage.
You block the 15-headed hydra's attack.
The 15-headed hydra bites you but does no damage.
You block the 15-headed hydra's attack. The 15-headed hydra barely misses you.
The 15-headed hydra bites you but does no damage.
You block the 15-headed hydra's attack.
The 15-headed hydra barely misses you. x2
You barely miss the 15-headed hydra.
The 15-headed hydra is lightly wounded.
The 15-headed hydra bites you.
The 15-headed hydra bites you but does no damage.
The 15-headed hydra bites you. You block the 15-headed hydra's attack.
The 15-headed hydra bites you but does no damage. x2
The 15-headed hydra bites you! The 15-headed hydra misses you.
The 15-headed hydra completely misses you.
The 15-headed hydra bites you but does no damage.
You block the 15-headed hydra's attack. The 15-headed hydra bites you!
* * * LOW HITPOINT WARNING * * *
The 15-headed hydra barely misses you.
The 15-headed hydra bites you but does no damage. x2
The blink frog blinks!
You feel better. You block the 15-headed hydra's attack.
The 15-headed hydra barely misses you. The 15-headed hydra closely misses you.
You block the 15-headed hydra's attack.
The 15-headed hydra bites you but does no damage. x2
You block the 15-headed hydra's attack. The 15-headed hydra barely misses you.
You block the 15-headed hydra's attack. x3; The 15-headed hydra bites you!
* * * LOW HITPOINT WARNING * * *
The 15-headed hydra bites you.
* * * LOW HITPOINT WARNING * * *
The 15-headed hydra bites you but does no damage.
The 15-headed hydra bites you!
You die...

...F ...#.##... .....
...#..... ...##.....# #
#.§.....# # #...# #
........ ##F.# ........
#l## ........ ###D# #
...... #.@## ###.....
##§## .#....# #...#
...#.# ##.F## ....###
#...#### ......#
##....#.## ......##
#......#)##
.......######......<..#
#........P#..........##


You could see a 15-headed hydra, a komodo dragon and 2 blink frogs.

Vanquished Creatures
  3 two-headed ogres
  An ugly thing (D:8)
  A cyclops (D:10)
  Maurice (D:8)
  An unseen horror (D:11)
  A cane toad (Lair:1)
  A komodo dragon (Lair:1)
  13 blink frogs (Lair:1)
  A slime creature (D:10)
  2 vampires (D:11)
  20 yaks
  A wyvern (D:8)
  A wraith (D:11)
  A hog (shapeshifter) (D:10)
  2 steam dragons (D:8)
  A basilisk (Lair:1)
  A vampire mosquito (D:10)
  Edmund (D:5)
  An acid dragon (D:9)
  3 water moccasins
  4 sky beasts
  6 orc warriors
  An ice beast (D:6)
  4 black bears
  2 ogres
  2 centaurs
  12 wolves
  A phantom (D:5)
  6 kobold brigands
  15 bullfrogs
  9 scorpions
  A gnoll sergeant (D:8)
  A water moccasin zombie (D:6)
  A wyvern zombie (D:8)
  A water moccasin skeleton (D:6)
  3 killer bees (D:11)
  An electric eel (Lair:1)
  A wight (D:8)
  8 centaur zombies
  A jelly (D:6)
  2 orc priests (D:9)
  A bullfrog skeleton (D:4)
  2 centaur skeletons
  A gnoll shaman (D:8)
  4 hounds
  10 orc wizards
  3 iguanas
  6 hell rats (Lair:1)
  3 howler monkey zombies
  13 gnolls
  9 adders
  A shadow imp (D:7)
  An ufetubus (D:3)
  An adder skeleton (D:5)
  2 worms
  A dart slug (D:2)
  22 orcs
  3 ball pythons
  3 bats
  7 endoplasms
  5 giant cockroaches
  7 goblins
  5 hobgoblins
  4 jackals
  34 kobolds
  2 quokkas
  5 frilled lizards
  5 rats
  5 bushes (D:3)
304 creatures vanquished.

Vanquished Creatures (others)
  A kobold (D:5)
  6 fungi (D:10)
  27 plants
34 creatures vanquished.

Grand Total: 338 creatures vanquished

Notes
Turn   | Place    | Note
-------+----------+-------------------------------------------
     0 | D:1      | SanguineChosen the Gargoyle Fighter began the quest for the
                  | Orb.
     0 | D:1      | Reached XP level 1. HP: 14/14 MP: 1/1
   362 | D:1      | Reached XP level 2. HP: 19/19 MP: 2/2
  1336 | D:2      | Reached XP level 3. HP: 23/23 MP: 3/3
  1821 | D:2      | Reached XP level 4. HP: 28/28 MP: 4/4
  2411 | D:3      | Reached skill level 1 in Dodging
  2425 | D:3      | Noticed a sky beast
  2442 | D:3      | Killed a sky beast
  2443 | D:3      | Reached XP level 5. HP: 23/33 MP: 5/5
  2561 | D:3      | Identified the +10 hand axe of Gojubiycwe {protect, +Blink
                  | rF- Int+3}
  2586 | D:3      | Found a faded altar of an unknown god.
  2643 | D:3      | Found Zax Dinekaa's Antique Weapon Emporium.
  2695 | D:3      | Found a glowing golden altar of the Shining One.
  2734 | D:3      | Found a snail-covered altar of Cheibriados.
  3327 | D:4      | Reached XP level 6. HP: 36/38 MP: 6/6
  3342 | D:4      | Reached skill level 1 in Axes
  4266 | D:4      | Found an ornate altar of the Wu Jian Council.
  4343 | D:5      | Entered Level 5 of the Dungeon
  4343 | D:5      | Noticed Edmund
  4351 | D:5      | Killed Edmund
  4352 | D:5      | Reached XP level 7. HP: 44/44 MP: 7/7
  4373 | D:5      | Found a stormy altar of Qazlal.
  4408 | D:5      | Reached skill level 5 in Shields
  4498 | D:5      | Reached skill level 1 in Stealth
  4522 | D:5      | Identified the ring of Pessimism {rCorr MP+9 Int+4}
  4578 | D:5      | Reached XP level 8. HP: 48/48 MP: 8/8
  4621 | D:5      | Reached skill level 5 in Fighting
  4820 | D:5      | Identified a scroll of acquirement
  4820 | D:5      | Acquired 1028 gold pieces
  5012 | D:6      | Reached skill level 5 in Axes
  5067 | D:6      | Reached skill level 5 in Armour
  5170 | D:6      | Reached XP level 9. HP: 43/54 MP: 9/9
  5244 | D:6      | Found a staircase to the Ecumenical Temple.
  5429 | D:6      | Found a white marble altar of Elyvilon.
  5513 | D:6      | Found a basalt altar of Yredelemnul.
  5802 | Temple   | Entered the Ecumenical Temple
  6123 | D:7      | You fall into a shaft and drop 1 floor!
  6126 | D:8      | Noticed a two-headed ogre
  6126 | D:8      | Noticed a red ugly thing
  6141 | D:8      | Noticed Maurice
  6364 | D:8      | Killed a two-headed ogre
  6365 | D:8      | Reached XP level 10. HP: 32/61 MP: 10/10
  6665 | D:8      | Killed a red ugly thing
  6941 | D:8      | Found a bloodstained altar of Trog.
  6945 | D:8      | Became a worshipper of Trog the Wrathful
  7023 | D:8      | Noticed a two-headed ogre
  7033 | D:8      | Found a transporter.
  7037 | D:8      | Noticed NegativeXP's ghost (novice KoBr)
  7037 | D:8      | Noticed a green ugly thing
  7052 | D:8      | Found a transporter.
  7297 | D:8      | Paralysed by something for 2 turns
  7337 | D:8      | Killed Maurice
  7338 | D:8      | Reached skill level 1 in Throwing
  7813 | D:9      | Reached * piety under Trog
  7883 | D:9      | Reached XP level 11. HP: 67/67 MP: 11/11
  8329 | D:9      | Noticed a two-headed ogre
  8353 | D:9      | Killed a two-headed ogre
  8753 | D:10     | Entered Level 10 of the Dungeon
  9032 | D:10     | Found Zin's Purification Station.
  9035 | D:10     | Found a glowing silver altar of Zin.
  9038 | D:10     | Bought a potion of curing for 90 gold pieces
  9095 | D:10     | Reached ** piety under Trog
  9147 | D:10     | Reached skill level 10 in Axes
  9163 | D:10     | Reached skill level 10 in Shields
  9251 | D:10     | Found a staircase to the Lair.
  9270 | D:10     | Found a shimmering blue altar of Sif Muna.
  9337 | D:10     | Noticed a cyclops
  9337 | D:10     | Noticed a harpy
  9339 | D:10     | a harpy changed into a hog
  9355 | D:10     | Killed a cyclops
  9385 | D:10     | Identified the +0 long sword "Zilaelu" {vorpal, Fly rC-
                  | Int+2 Stlth+}
  9399 | D:10     | Identified the +1 scale mail of the Old World {Will+ Str+3}
  9684 | D:11     | Noticed a two-headed ogre
  9689 | D:11     | Killed a two-headed ogre
  9949 | D:11     | Found a staircase to the Orcish Mines.
 10452 | D:11     | Reached XP level 12. HP: 68/75 MP: 12/12
 10602 | Lair:1   | Entered Level 1 of the Lair of Beasts
 10978 | Lair:1   | Identified the +0 chain mail of Wevaebb {rF+ rN+ Str+4
                  | Dex+4 Stlth-}
 11158 | Lair:1   | Reached *** piety under Trog
 11871 | Lair:1   | You fall into a shaft and drop 1 floor!
 12242 | Lair:2   | Noticed a four-headed hydra
 12264 | Lair:2   | Slain by a 15-headed hydra

Illustrated notes

Levels and vault maps discovered:
D:1:      minmay_arrival_wavy_path, layout_basic, chequers_serial_rivers_micro_d
D:2:      kennysheep_six_static_rooms, layout_basic
D:3:      layout_rooms, mainiacjoe_overflow_concentric_impassable,
          mainiacjoe_overflow_boulevard, serial_shops, nicolae_shop_crystal,
          shapermc_ecumenical_altar_hornbeckon, lexackson_kobold_supper
D:4:      layout_basic, general_overflow_altar
D:5:      minmay_inner_zag, layout_rooms, amcnicky_altar_gilded,
          grunt_decor_mini_mirrors, corexii_leaking_fountain, uniq_edmund
D:6:      minmay_skewed_foursquare, layout_rooms, kennysheep_ying_yang,
          temple_fountains
D:7:      nicolae_cairo_tiling_large_dashed, layout_loops_ring, uniq_joseph
D:8:      cheibrodos_fzero, layout_basic, marbit_many_paths, nzn_ghost_randoct,
          uniq_maurice
D:9:      layout_small_grid
D:10:     minmay_blocky_corners, layout_basic, zin_purify, led_sif_book,
          grunt_lair_entry_orc_guard_hut
D:11:     layout_basic, orc_0_dummy
Temple:   nicolae_temple_god_jail
Lair:1:   layout_loops_ring, serial_bayou_shore_b, grunt_megastairs_1,
          serial_bayou_shore_a
Lair:2:   layout_cave_pods

Skill      XL: |  1  2  3  4  5  6  7  8  9 10 11 12 |
---------------+-------------------------------------+-----
Shields        | 4 5 6 7 9 10 11 | 11.8
Dodging        | 1 2 3 4 |  4.6
Fighting       | 4 5 6 7 8 9 |  9.2
Maces & Flails | 3 |  3.5
Armour         | 4 5 6 7 8 |  8.0
Axes           | 2 4 6 7 9 10 11 | 11.4
Stealth        | 1 2 |  2.6
Throwing       | 1 |  1.1

Action                   |  1- 3 |  4- 6 |  7- 9 | 10-12 || total
-------------------------+-------+-------+-------+-------++-------
Melee: Flail             |   111 |    25 |       |       ||   136
       Hand axe          |       |   228 |   234 |   563 ||  1025
Throw: Dart              |       |     4 |       |    11 ||    15
  Use: Scroll            |       |     3 |    17 |       ||    20
       Potion            |       |     1 |     4 |     3 ||     8
 Stab: Sleeping          |       |       |     1 |       ||     1
Armor: Scale mail        |    50 |    39 |       |    72 ||   161
       Ring mail         |       |     3 |   110 |    21 ||   134
       Plate armour      |       |       |       |   102 ||   102
       Chain mail        |       |       |       |    89 ||    89
Dodge: Dodged            |    44 |    51 |    65 |   140 ||   300
Block: Buckler           |    29 |    44 |    23 |       ||    96
       Reflection        |     1 |     4 |    10 |    10 ||    25
       Kite shield       |       |       |   150 |   453 ||   603
